 Dungeon Sprint DCSS version 0.17-a0-1718-g72dbe4d (webtiles) character file.

5900000 ztt the Axe Maniac (level 27, -13/273 HPs)
             Began as a Ghoul Gladiator on Aug 25, 2015.
             Was the Champion of Makhleb.
             Mangled by The Servant
             ... wielding a +9 glaive of flaming
              (48 damage)
             ... in the Dungeon (Sprint VIII: "Arena of Blood").
             The game lasted 00:01:58 (59 turns).

ztt the Axe Maniac (Ghoul Gladiator)                  Turns: 59, Time: 00:01:58

Health: -13/273    AC:  8    Str: 32    XL:     27
Magic:  26/53      EV: 23    Int:  3    God:    Makhleb [******]
Gold:   0          SH:  0    Dex:  9    Spells: 0 memorised, 80 levels left

rFire  . . .     SeeInvis .     l - +∞ Axe of Woe
rCold  + . .     Clarity  .     b - +0 leather armour
rNeg   + + +     SustAt   .     (no shield)
rPois  ∞         Gourm    .     c - +0 helmet
rElec  .         Spirit   .     (no cloak)
rCorr  .         Warding  .     (no gloves)
rMut   .         NoTele   +     (no boots)
MR     ++...                    (no amulet)
Stlth  +++++++++.               (no ring)
                                (no ring)

@: rotting, very resistant to hostile enchantments, incredibly stealthy
A: rotting body, claws 1, carnivore 3, cold resistance 1, negative energy
resistance 3, slow healing 1, torment resistance, unbreathing
a: Minor Destruction, Lesser Servant of Makhleb, Major Destruction, Greater
Servant of Makhleb, Renounce Religion


You were in the Dungeon.
You worshipped Makhleb.
Makhleb was exalted by your worship.
You were not hungry.

You visited 1 branch

Inventory:

Hand weapons
 a - a +0 war axe
 l - the +∞ Axe of Woe (weapon)
   (You found it in the Dungeon)
Missiles
 d - 3 throwing nets (quivered)
Armour
 b - a +0 leather armour (worn)
 c - a +0 helmet (worn)
Scrolls
 k - a scroll of blinking
Potions
 f - a potion of curing
 g - a potion of heal wounds
 h - a potion of haste
 i - 2 potions of magic
 j - a potion of berserk rage
Comestibles
 e - a meat ration


   Skills:
 O Level 27 Fighting
 O Level 27 Axes
 O Level 27 Throwing
 O Level 27 Armour
 O Level 27 Dodging
 O Level 27 Stealth
 O Level 27 Unarmed Combat
 O Level 27 Spellcasting
 O Level 27 Invocations


You had 80 spell levels left.
You didn't know any spells.

Dungeon Overview and Level Annotations

Branches:
Dungeon (1/1)

Altars:
Makhleb

Annotations:
D The Servant


Innate Abilities, Weirdness & Mutations

Your body is rotting away.
You thrive on raw meat.
You are immune to poison.
You have sharp fingernails.
You are carnivorous and can eat meat at any time.
Your flesh is cold resistant.
You are immune to negative energy.
You heal slowly when monsters are visible.
You are immune to unholy pain and torment.
You can survive without breathing.


Message History

You are too injured to fight recklessly!
You hit the destroyer but do no damage.
You dissect the destroyer like a pig carcass.
You destroy the destroyer!
Makhleb accepts your kill.
You feel better.
You are engulfed in roaring flames.
* * * LOW HITPOINT WARNING * * *
You hear a shout! x6
The accursed is engulfed in roaring flames.
The accursed gestures at you while chanting.
Something smites you!
* * * LOW HITPOINT WARNING * * *
You slash the bag of meat!
You dissect the bag of meat like a pig carcass.
You kill the bag of meat!
Makhleb accepts your kill.
You are engulfed in roaring flames.
* * * LOW HITPOINT WARNING * * *
The Servant hits you from afar with a +9 glaive of flaming!!!
You die...

.. .. #.. ..# #.%
..# .###..
..%###...
....§o###....V....
....M§§......... .
#V)§§§#....... ...
#_§@§_#.......
.....#o§)))#.o....#
......@o_X)...%....
.....o.###)O...%...
.o###o..§§))###...
#.%§§§).# #x.o.§o)#
...z...§x...
..............


You could see an accursed, The Servant, 2 destroyers, a sculptor of flesh, a
large abomination, a meat berserker (berserk) and 6 bags of meat.

Vanquished Creatures
  9 vampire knights (D)
  15 ogres (D)
  37 orcs (D)
  6 hill giants (D)
  2 skeletal warriors (D)
  A large abomination (D)
  2 small abominations (D)
  3 crawling corpses (D)
75 creatures vanquished.

Vanquished Creatures (others)
  A crawling corpse (D)
1 creature vanquished.

Grand Total: 76 creatures vanquished

Notes
Turn   | Place    | Note
--------------------------------------------------------------
     0 | D        | ztt the Ghoul Gladiator began the quest for the Orb.
     0 | D        | Reached XP level 1. HP: 17/17 MP: 0/0
     3 | D        | Noticed a meat berserker
     4 | D        | Noticed a bag of meat
     4 | D        | Became a worshipper of Makhleb the Destroyer
     5 | D        | Noticed a bag of meat
     5 | D        | Noticed a bag of meat
     5 | D        | Noticed a bag of meat
     6 | D        | Killed a meat berserker
     6 | D        | Reached skill level 12 in Fighting
     6 | D        | Reached skill level 19 in Axes
     6 | D        | Reached skill level 10 in Throwing
     6 | D        | Reached XP level 2. HP: 20/42 MP: 1/1
     6 | D        | Reached XP level 3. HP: 23/49 MP: 2/2
     6 | D        | Reached XP level 4. HP: 26/57 MP: 3/3
     6 | D        | Reached XP level 5. HP: 28/63 MP: 4/4
     6 | D        | Reached XP level 6. HP: 31/71 MP: 5/5
     6 | D        | Reached XP level 7. HP: 34/78 MP: 6/6
     6 | D        | Reached XP level 8. HP: 37/85 MP: 7/7
     6 | D        | Reached XP level 9. HP: 40/92 MP: 8/8
     6 | D        | Reached XP level 10. HP: 43/100 MP: 9/9
     6 | D        | Reached XP level 11. HP: 45/106 MP: 10/10
     6 | D        | Reached XP level 12. HP: 47/113 MP: 11/11
     6 | D        | Reached XP level 13. HP: 49/119 MP: 12/12
     8 | D        | Noticed a meat berserker
     8 | D        | Killed a bag of meat
     8 | D        | Acquired Makhleb's first power
     8 | D        | Reached skill level 20 in Axes
     8 | D        | Reached XP level 14. HP: 51/130 MP: 13/13
     9 | D        | Noticed a bag of meat
     9 | D        | Killed a bag of meat
     9 | D        | Reached skill level 21 in Axes
     9 | D        | Killed a bag of meat
     9 | D        | Acquired Makhleb's second power
     9 | D        | Reached skill level 15 in Fighting
     9 | D        | Reached skill level 22 in Axes
     9 | D        | Reached XP level 15. HP: 53/143 MP: 14/14
    10 | D        | Noticed a bag of meat
    10 | D        | Noticed a bag of meat
    10 | D        | Killed a bag of meat
    10 | D        | Reached skill level 23 in Axes
    10 | D        | Reached skill level 5 in Stealth
    10 | D        | Killed a bag of meat
    10 | D        | Acquired Makhleb's third power
    10 | D        | Reached skill level 24 in Axes
    10 | D        | Reached XP level 16. HP: 117/155 MP: 15/15
    11 | D        | Noticed a meat berserker
    12 | D        | Noticed a bag of meat
    12 | D        | Killed a meat berserker
    12 | D        | Reached skill level 26 in Axes
    12 | D        | Reached skill level 15 in Throwing
    13 | D        | Noticed a meat berserker
    13 | D        | Noticed a bag of meat
    13 | D        | Noticed a bag of meat
    14 | D        | Noticed a bag of meat
    14 | D        | Noticed a meat berserker
    15 | D        | Noticed a meat berserker
    15 | D        | Noticed a meat berserker
    15 | D        | Killed a meat berserker
    15 | D        | Reached skill level 27 in Axes
    15 | D        | Reached skill level 27 in Dodging
    15 | D        | Reached XP level 17. HP: 164/173 MP: 16/16
    17 | D        | Killed a bag of meat
    17 | D        | Acquired Makhleb's fourth power
    17 | D        | Reached skill level 10 in Stealth
    17 | D        | Killed a meat berserker
    17 | D        | Reached XP level 18. HP: 185/196 MP: 17/17
    18 | D        | Noticed a meat berserker
    18 | D        | Noticed a meat berserker
    19 | D        | Noticed a bag of meat
    19 | D        | Noticed a bag of meat
    19 | D        | Noticed a large bag of meat
    19 | D        | Noticed a bag of meat
    20 | D        | Noticed a bag of meat
    20 | D        | Noticed a bag of meat
    20 | D        | Noticed a bag of meat
    21 | D        | Noticed a bag of meat
    21 | D        | Killed a bag of meat
    21 | D        | Reached skill level 27 in Fighting
    21 | D        | Killed a meat berserker
    21 | D        | Acquired Makhleb's fifth power
    21 | D        | Reached XP level 19. HP: 207/207 MP: 18/18
    21 | D        | Killed a meat berserker
    21 | D        | Reached skill level 27 in Throwing
    22 | D        | Noticed a meat berserker
    22 | D        | Killed a bag of meat
    22 | D        | Reached skill level 27 in Stealth
    23 | D        | Noticed a large bag of meat
    23 | D        | Killed a meat berserker
    23 | D        | Reached XP level 20. HP: 216/216 MP: 18/32
    23 | D        | Killed a meat berserker
    23 | D        | Reached skill level 15 in Unarmed Combat
    23 | D        | Reached skill level 15 in Invocations
    23 | D        | Killed a bag of meat
    24 | D        | Noticed a bag of meat
    24 | D        | Killed a bag of meat
    24 | D        | Reached skill level 15 in Armour
    24 | D        | Reached XP level 21. HP: 224/224 MP: 18/38
    24 | D        | Killed a meat berserker
    25 | D        | Noticed a meat berserker
    25 | D        | Noticed a bag of meat
    25 | D        | Killed a bag of meat
    26 | D        | Killed a large bag of meat
    26 | D        | Killed a bag of meat
    27 | D        | Noticed a bag of meat
    27 | D        | Killed a bag of meat
    27 | D        | Reached XP level 22. HP: 233/233 MP: 18/44
    28 | D        | Noticed a bag of meat
    28 | D        | Killed a meat berserker
    28 | D        | Killed a bag of meat
    29 | D        | Noticed a bag of meat
    29 | D        | Noticed a bag of meat
    29 | D        | Noticed a large bag of meat
    29 | D        | Noticed a bag of meat
    30 | D        | Noticed a bag of meat
    30 | D        | Killed a meat berserker
    30 | D        | Reached skill level 27 in Unarmed Combat
    30 | D        | Reached skill level 27 in Invocations
    30 | D        | Killed a large bag of meat
    30 | D        | Killed a bag of meat
    30 | D        | Reached XP level 23. HP: 240/240 MP: 19/50
    31 | D        | Noticed a bag of meat
    31 | D        | Noticed a large bag of meat
    32 | D        | Noticed a meat berserker
    32 | D        | Noticed a destroyer
    32 | D        | Killed a bag of meat
    32 | D        | Reached skill level 27 in Armour
    32 | D        | Killed a large bag of meat
    32 | D        | Reached skill level 27 in Spellcasting
    33 | D        | Noticed a bag of meat
    33 | D        | Killed a bag of meat
    33 | D        | Killed a bag of meat
    33 | D        | Killed a bag of meat
    33 | D        | Killed a bag of meat
    34 | D        | Noticed a bag of meat
    34 | D        | Killed a bag of meat
    34 | D        | Reached XP level 24. HP: 249/249 MP: 20/53
    34 | D        | Killed a meat berserker
    35 | D        | Noticed a bag of meat
    35 | D        | Noticed a destroyer
    35 | D        | Noticed a large bag of meat
    36 | D        | Noticed The Servant
    37 | D        | Noticed a meat berserker
    37 | D        | Noticed a destroyer
    37 | D        | Killed a destroyer
    37 | D        | Killed a bag of meat
    37 | D        | Killed a bag of meat
    37 | D        | Reached XP level 25. HP: 257/257 MP: 21/53
    38 | D        | Noticed a bag of meat
    38 | D        | Noticed a bag of meat
    38 | D        | Noticed a destroyer
    38 | D        | Killed a large bag of meat
    40 | D        | Noticed a bag of meat
    40 | D        | Noticed a destroyer
    40 | D        | Killed a large bag of meat
    40 | D        | Killed a bag of meat
    41 | D        | Noticed a bag of meat
    41 | D        | Noticed a bag of meat
    41 | D        | Noticed a sculptor of flesh
    41 | D        | Noticed a sculptor of flesh
    41 | D        | Noticed a destroyer
    41 | D        | Killed a destroyer
    41 | D        | Killed a destroyer
    42 | D        | Noticed a meat berserker
    42 | D        | Noticed a bag of meat
    42 | D        | Killed a meat berserker
    42 | D        | Reached XP level 26. HP: 266/266 MP: 22/53
    43 | D        | Noticed a bag of meat
    43 | D        | Killed a bag of meat
    44 | D        | Noticed a bag of meat
    44 | D        | Noticed a bag of meat
    44 | D        | Killed a destroyer
    45 | D        | Killed a bag of meat
    45 | D        | Killed a bag of meat
    46 | D        | Killed a bag of meat
    46 | D        | Reached XP level 27. HP: 273/273 MP: 23/53
    46 | D        | Killed a destroyer
    47 | D        | Noticed a destroyer
    48 | D        | Noticed a destroyer
    49 | D        | Noticed a bag of meat
    49 | D        | Noticed an accursed
    49 | D        | Killed a bag of meat
    49 | D        | Killed a meat berserker
    49 | D        | Killed a bag of meat
    49 | D        | Killed a sculptor of flesh
    50 | D        | Noticed a destroyer
    50 | D        | Noticed a large bag of meat
    50 | D        | Killed a bag of meat
    51 | D        | Noticed a meat berserker
    51 | D        | Noticed a bag of meat
    52 | D        | Killed a bag of meat
    52 | D        | Killed a sculptor of flesh
    52 | D        | Killed a bag of meat
    53 | D        | Killed a destroyer
    53 | D        | Killed a bag of meat
    54 | D        | Noticed a bag of meat
    54 | D        | Noticed a destroyer
    54 | D        | Noticed a tyrant
    54 | D        | Killed a meat berserker
    55 | D        | Noticed a meat berserker
    55 | D        | Noticed a bag of meat
    55 | D        | Noticed a sculptor of flesh
    55 | D        | Noticed a destroyer
    55 | D        | Killed a destroyer
    55 | D        | Killed a bag of meat
    56 | D        | Killed a large bag of meat
    56 | D        | Killed a destroyer
    57 | D        | Noticed a destroyer
    57 | D        | Killed a bag of meat
    57 | D        | HP: 10/273 [accursed/divine providence (13)]
    58 | D        | Killed a destroyer
    59 | D        | Killed a bag of meat
    59 | D        | Mangled by The Servant

Vault maps used:
D:        meatsprint

Action                   |  1- 3 |  4- 6 |  7- 9 | 10-12 | 13-15 | 16-18 | 19-21 | 22-24 | 25-27 || total
-------------------------+-------+-------+-------+-------+-------+-------+-------+-------+-------++-------
Melee: Executioner's axe |     1 |       |       |       |     3 |     4 |     6 |     6 |    19 ||    39
 Stab: Distracted        |       |       |       |       |     1 |       |       |       |       ||     1
